 Dungeon Crawl Stone Soup version 0.26.1-11-gd32895ea62 (webtiles) character file.

Game seed: 3537665123659448968

399 diana the Skirmisher (level 6, -3/78 HPs)
             Began as a Demonspawn Gladiator on Apr 13, 2021.
             Was a Follower of Okawaru.
             Succumbed to an orc wizard's poison
             ... on level 4 of the Dungeon.
             The game lasted 00:03:24 (4812 turns).

diana the Skirmisher (Demonspawn Gladiator)         Turns: 4812, Time: 00:03:25

Health: -3/78      AC: 23    Str: 18    XL:     6   Next: 53%
Magic:  6/6        EV:  2    Int: 10    God:    Okawaru [*.....]
Gold:   124        SH:  0    Dex: 14    Spells: 5/5 levels left

rFire    . . .     SeeInvis .   a - +0 long sword
rCold    . . .     Faith    .   (no shield)
rNeg     + + +     Spirit   .   (armour currently unavailable)
rPois    +         Reflect  .   (helmet currently unavailable)
rElec    .         Harm     .   (cloak currently unavailable)
rCorr    .         Rampage  .   (gloves currently unavailable)
Will     +....     NoTele   +   (boots currently unavailable)
Stlth    +.........             (no amulet)
HPRegen  0.23/turn              (no ring)
MPRegen  0.10/turn              (no ring)

@: lethally poisoned (-3 -> -44), tree-form
A: deterioration 1, strong-willed 1, sense surroundings 1, strong 1, miasma
immunity
a: Renounce Religion, Heroism


You were on level 4 of the Dungeon.
You worshipped Okawaru.
Okawaru was aware of your devotion.
You were a tree.
You visited 1 branch of the dungeon, and saw 4 of its levels.

You collected 124 gold pieces.

Inventory:

Hand Weapons
 a - a +0 long sword (weapon)
Missiles
 d - 3 throwing nets (quivered)
Armour
 b - a +0 leather armour (melded)
 c - a +0 helmet (melded)
 m - a scarf of invisibility (melded)
Wands
 o - a wand of digging (4)
 q - a wand of random effects (18)
Scrolls
 e - 2 scrolls of fear {unknown}
 f - 2 scrolls of remove curse {unknown}
 g - 2 scrolls of teleportation {unknown}
 i - 3 scrolls of identify {unknown}
Potions
 h - a potion of ambrosia
 j - a potion of lignification
 l - a potion of attraction {unknown}
 n - a potion of might {unknown}
 p - 2 potions of heal wounds {unknown}
 r - a potion of flight {unknown}


   Skills:
 * Level 5.9 Fighting
 + Level 4.4 Long Blades
 - Level 1.7 Throwing
 - Level 2.6 Dodging


You had 5 spell levels left.
You didn't know any spells.
Your spell library was empty.

Dungeon Overview and Level Annotations

Branches:
Dungeon (4/15)
 Temple: D:4-7

Altars:
Gozag
Nemelex Xobeh
Okawaru
Uskayaw

Annotations:
D:3 1 runed translucent door, Crazy Yiuf


Innate Abilities, Weirdness & Mutations

((You have sharp fingernails.))
You are immune to miasma.
Your body sometimes deteriorates upon taking damage.
You are strong-willed. (Will+)
You passively map a small area around you.
Your muscles are strong. (Str +2)


Message History

* * * LOW HITPOINT WARNING * * *
You feel very sick.
You hear some strange, mumbled words.
A puff of frost appears from out of thin air!
The puff of frost hits you!
* * * LOW HITPOINT WARNING * * *
Something hits you but does no damage.
You are more poisoned.
It was a potion of lignification.
You turn into a tree.
Your scarf of invisibility melds into your body.
Your +0 helmet melds into your body.
Your +0 leather armour melds into your body.
Your roots penetrate the ground.
* * * LOW HITPOINT WARNING * * *
You feel very sick. Something hits you but does no damage.
It was a potion of mutation.
You feel extremely strange.
You feel yourself wasting away.
You feel stronger.
You feel strong-willed.
You feel a strange attunement to the structure of the dungeons.
You die...

..........#.....#
.......)..###..##
..........#.####
.##.....#...## ,.. *
##....#....# .....#
##....##.#.##
......###........#..#
.........###.......#
, ........####♣.....#
#...S.##..{##...##
.###...............#
...................#
,...........##.....##
..........###.....# ,
##.............####
.........#...###
........##.#..#


There were no monsters in sight!

Vanquished Creatures
  An ogre (D:4)
  An iguana (D:2)
  A worker ant (D:3)
  Natasha (thrice) (D:3)
  3 gnolls (D:2)
  8 adders
  2 oozes
  3 worms
  2 dart slugs (D:1)
  A leopard gecko (D:3)
  2 orcs (D:4)
  9 bats
  4 giant cockroaches
  12 goblins
  8 hobgoblins
  4 jackals (D:3)
  3 quokkas
  A ball python (D:4)
  12 frilled lizards
  7 kobolds
  6 rats
93 creatures vanquished.

Notes
Turn   | Place    | Note
-------+----------+-------------------------------------------
     0 | D:1      | diana the Demonspawn Gladiator began the quest for the Orb.
     0 | D:1      | Reached XP level 1. HP: 16/16 MP: 1/1
   483 | D:1      | Gained mutation: You have sharp fingernails. [demonic
                  | ancestry]
   483 | D:1      | Reached XP level 2. HP: 23/23 MP: 2/2
   886 | D:1      | Reached skill level 3 in Fighting
  1065 | D:1      | Reached XP level 3. HP: 29/29 MP: 3/3
  1310 | D:2      | Found a sparkling altar of Nemelex Xobeh.
  1310 | D:2      | Found an opulent altar of Gozag.
  1389 | D:2      | Found an iron altar of Okawaru.
  1402 | D:2      | Became a worshipper of Warmaster Okawaru
  1673 | D:2      | Reached XP level 4. HP: 27/37 MP: 4/4
  2147 | D:2      | Reached skill level 4 in Fighting
  2197 | D:2      | Gained mutation: You are immune to miasma. [demonic
                  | ancestry]
  2197 | D:2      | Reached XP level 5. HP: 28/43 MP: 5/5
  2986 | D:3      | Found a faded altar of an unknown god.
  3094 | D:3      | Noticed Natasha
  3099 | D:3      | Killed Natasha
  3270 | D:3      | Reached skill level 5 in Fighting
  3312 | D:3      | Noticed Natasha
  3332 | D:3      | Killed Natasha
  3544 | D:3      | Noticed a +0 hand axe
  3544 | D:3      | Noticed a +0 hand axe
  3545 | D:3      | Found a hide-covered altar of Uskayaw.
  3992 | D:3      | Reached XP level 6. HP: 46/51 MP: 6/6
  4122 | D:3      | Noticed Natasha
  4128 | D:3      | Killed Natasha
  4174 | D:3      | Reached * piety under Okawaru
  4401 | D:3      | Found a runed translucent door.
  4402 | D:3      | Noticed Crazy Yiuf
  4811 | D:4      | HP: 1/78 [poisoned by an orc wizard]
  4812 | D:4      | Gained mutation: Your body sometimes deteriorates upon
                  | taking damage. [potion of mutation]
  4812 | D:4      | Gained mutation: Your muscles are strong. (Str +2) [potion
                  | of mutation]
  4812 | D:4      | Gained mutation: You are strong-willed. (Will+) [potion of
                  | mutation]
  4812 | D:4      | Gained mutation: You passively map a small area around you.
                  | [potion of mutation]
  4812 | D:4      | Succumbed to an orc wizard's poison

Illustrated notes

Levels and vault maps discovered:
D:1:      eino_arrival_tree_alley, layout_basic, minmay_tiny_reverse_x
D:2:      layout_basic, grunt_temple_overflow_opulence,
          nicolae_overflow_crystal_walls
D:3:      layout_basic, dancing_weapons_uskayaw,
          chequers_ecumenical_altar_simple, kennysheep_decorative_pillar,
          uniq_crazy_yiuf_cottage, uniq_natasha
D:4:      layout_cave_pools, nzn_hepliaklqana_mist_gate

Skill      XL: |  1  2  3  4  5 |
---------------+----------------+-----
Long Blades    | 3 4 |  4.4
Fighting       | 3 4 5 |  5.9
Throwing       | |  1.7
Dodging        | |  2.6

Action                   |  1- 3 |  4- 6 || total
-------------------------+-------+-------++-------
Melee: Long sword        |   105 |   201 ||   306
  Use: Potion            |       |     3 ||     3
 Stab: Sleeping          |     2 |     1 ||     3
Armor: Leather armour    |    48 |    48 ||    96
       Skin              |       |     1 ||     1
Dodge: Dodged            |    70 |   140 ||   210
       Rpst.: Long sword |    23 |    40 ||    63
